 Dungeon Crawl Stone Soup version 0.16.1-4-g8e1b745 (console) character file.

146 gw the Vexing (level 5, -1/42 HPs)
             Began as a Ghoul Arcane Marksman on Mar 27, 2015.
             Was an Initiate of Cheibriados.
             Slain by Terence
             ... wielding a +0 hand axe
              (3 damage)
             ... on level 3 of the Dungeon.
             The game lasted 00:04:23 (3729 turns).

gw the Vexing (Ghoul Arcane Marksman)               Turns: 3729, Time: 00:04:23

Health: -1/42      AC:  3    Str: 16    XL:     5   Next: 28%
Magic:  7/8        EV: 11    Int: 10    God:    Cheibriados [......]
Gold:   92         SH:  0    Dex:  9    Spells: 2 memorised, 3 levels left

rFire  . . .     SeeInvis .       - Unarmed
rCold  + . .     Clarity  .     q - +0 leather armour
rNeg   + + +     SustAb   .     (no shield)
rPois  ∞         Gourm    .     (no helmet)
rElec  .         Spirit   .     (no cloak)
rCorr  .         Warding  .     (no gloves)
rMut   .         Stasis   .     (no boots)
MR     .....                    (no amulet)
Stlth  +.........               (no ring)
                                f - +4 ring of slaying

@: rotting, very slow, not resistant to hostile enchantments, very unstealthy
A: rotting body, claws 1, carnivore 3, cold resistance 1, negative energy
resistance 3, poison resistance, slow healing 1, torment resistance, unbreathing
a: Bend Time, Renounce Religion


You were on level 3 of the Dungeon.
You worshipped Cheibriados.
Cheibriados was noncommittal.
You were not hungry.

You visited 1 branch of the dungeon, and saw 3 of its levels.

You collected 92 gold pieces.

Inventory:

Hand weapons
 b - a +1 hand crossbow
Missiles
 c - 33 bolts
Armour
 q - a +0 leather armour (worn)
Jewellery
 f - a +4 ring of slaying (left claw)
Scrolls
 a - 2 scrolls of remove curse
 e - a scroll of enchant armour
 h - a scroll of teleportation
 m - a scroll of identify
Potions
 g - a potion of curing
 i - a potion of poison {unknown}
Books
 d - a book of Debilitation

   Spells                             Type                      Level
   a - Corona                         Hexes                        1
   b - Slow                           Hexes                        2
   c - Inner Flame                    Hexes/Fire                   3
   d - Enslavement                    Hexes                        4
   e - Cause Fear                     Hexes                        4
   f - Leda's Liquefaction            Hexes/Earth                  4
Comestibles
 r - a royal jelly


   Skills:
 + Level 2.4 Fighting
 + Level 2.4 Crossbows
 + Level 1.3 Armour
 + Level 1.7 Dodging
 + Level 1.2 Unarmed Combat
 * Level 2.0 Spellcasting
 + Level 3.0 Hexes
 + Level 0.0 Invocations


You had 3 spell levels left.
You knew the following spells:

 Your Spells              Type           Power        Failure   Level  Hunger
a - Corona                Hex            #......      12%         1    ##.....
b - Enslavement           Hex            #.......     91%         4    #####..


Dungeon Overview and Level Annotations

Branches:
Dungeon (3/15)

Altars:
Cheibriados
The Shining One

Annotations:
D:3 Terence


Innate Abilities, Weirdness & Mutations

Your body is rotting away.
You thrive on raw meat.
You have sharp fingernails.
You are carnivorous and can eat meat at any time.
Your flesh is cold resistant.
You are immune to negative energy.
Your system is resistant to poisons.
You heal slowly when monsters are visible.
You are immune to unholy pain and torment.
You can survive without breathing.


Message History

You closely miss Terence.
Terence is severely wounded.
Terence hits you with a hand axe.
Unknown command.
Unknown command.
Unknown command.
Unknown command.
ATTACKING (1,0)
You scratch Terence.
Terence is severely wounded.
Terence hits you but does no damage.
Unknown command.
Unknown command.
Unknown command.
Unknown command.
ATTACKING (1,0)
You barely miss Terence.
Terence is severely wounded.
Terence hits you with a hand axe.
You die...

#.. # #.# # #.# # ... + #
#.# ... # #.#### .?.. #
#.##.## .....
#########.#...####(......
................n@.......
###.#####.#...####.......
###.# ###.##.## .....
.##.# #......# .... .##.#
#.#.##.# ... .##.#
#.#.##.# + ###.# #.#....#
....# #.####.# #####
#......#


You could see Terence (berserk).

Table legend:
 A = Turns spent in this place as a percentage of turns spent in the entire game.
 B = Non-inter-level travel turns spent in this place as a percentage of non-inter-level travel turns spent in the entire game.
 C = Inter-level travel turns spent in this place as a percentage of turns spent in this place.
 D = Turns resting spent in this place as a percentage of non-inter-level travel turns spent in this place.
 E = Turns spent auto-exploring this place as a percentage of non-inter-level travel turns spent in this place.
 F = Non-inter-level travel turns spent in this place divided by the number of levels of this place that you've seen.
                   A       B       C       D       E      F
               +-------+-------+-------+-------+-------+----------------------
         Total | 100.0 | 100.0 |   1.3 |   2.6 |   2.1 | 1953.7
       Dungeon | 100.0 | 100.0 |   1.3 |   2.6 |   2.1 | 1953.7
               +-------+-------+-------+-------+-------+----------------------

Table legend:
 A = Kills in this place as a percentage of kills in entire the game.
 B = Kills by you in this place as a percentage of kills by you in the entire game.
 C = Kills by friends in this place as a percentage of kills by friends in the entire game.
 D = Other kills in this place as a percentage of other kills in the entire game.
 E = Experience gained in this place as a percentage of experience gained in the entire game.
 F = Experience gained in this place divided by the number of levels of this place that you have seen.
                   A       B       C       D       E      F
               +-------+-------+-------+-------+-------+----------------------
         Total | 100.0 | 100.0 |  -nan |  -nan | 100.0 |  69.7
       Dungeon | 100.0 | 100.0 |  -nan |  -nan | 100.0 |  69.7
               +-------+-------+-------+-------+-------+----------------------

Vanquished Creatures
  5 adders (D:2)
  A giant mite (D:1)
  3 worms (D:2)
  3 giant geckos
  4 bats
  3 giant cockroaches
  13 goblins
  9 hobgoblins
  4 jackals (D:2)
  6 ball pythons (D:2)
  5 giant newts
  8 kobolds
  7 rats
71 creatures vanquished.

Notes
Turn   | Place    | Note
--------------------------------------------------------------
     0 | D:1      | gw, the Ghoul Arcane Marksman, began the quest for the Orb.
     0 | D:1      | Reached XP level 1. HP: 16/16 MP: 2/2
     2 | D:1      | Noticed a naga
     4 | D:1      | Noticed a demonspawn
     4 | D:1      | Noticed a centaur
     6 | D:1      | Noticed a demigod
     6 | D:1      | Noticed an ogre
     8 | D:1      | Noticed a formicid
     8 | D:1      | Noticed a spriggan
    10 | D:1      | Noticed a dwarf
    10 | D:1      | Noticed a troll
    12 | D:1      | Noticed a felid
    16 | D:1      | Noticed an elf
    18 | D:1      | Noticed a gargoyle
    18 | D:1      | Noticed an octopode
    20 | D:1      | Noticed a vampire
    20 | D:1      | Noticed a merfolk
    22 | D:1      | Noticed a ghoul
    22 | D:1      | Noticed a draconian
    24 | D:1      | Noticed a vine stalker
    24 | D:1      | Noticed a human
    26 | D:1      | Noticed a tengu
    26 | D:1      | Noticed a minotaur
   190 | D:1      | Reached XP level 2. HP: 13/22 MP: 0/3
   390 | D:1      | Found a glowing golden altar of the Shining One.
  1051 | D:1      | Reached XP level 3. HP: 28/28 MP: 2/4
  1607 | D:2      | Reached skill level 1 in Armour
  2019 | D:2      | Reached XP level 4. HP: 36/36 MP: 4/5
  2033 | D:2      | Learned a level 4 spell: Enslavement
  2677 | D:2      | Reached skill level 3 in Hexes
  2760 | D:2      | Reached XP level 5. HP: 40/40 MP: 2/8
  2906 | D:2      | Reached skill level 1 in Unarmed Combat
  3098 | D:2      | Found a snail-covered altar of Cheibriados.
  3168 | D:2      | Became a worshipper of Cheibriados the Contemplative
  3429 | D:2      | Learned a level 4 spell: Enslavement
  3713 | D:3      | Noticed Terence
  3727 | D:3      | HP: 2/42 [Terence/hand axe (5)]
  3729 | D:3      | Slain by Terence

Action                   |  1- 3 |  4- 6 || total
-------------------------+-------+-------++-------
Melee: Unarmed           |    38 |    68 ||   106
 Fire: Hand crossbow     |    46 |    19 ||    65
 Cast: Corona            |    55 |    42 ||    97
  Use: Scroll            |     3 |     6 ||     9
       Potion            |     2 |     3 ||     5
  Eat: Chunk             |    28 |    21 ||    49

Vault maps used:
D:1:      kb_arrival_jail, tso_metal_star
D:2:      overflow_temple_1_default, grunt_ministairs_11, minmay_snake_closets
D:3:      nicolae_overflow_crystal_walls, nicolae_overflow_hidden_temple,
          kennysheep_generic_room_11, uniq_terence, uniq_grinder
